 Dungeon Crawl Stone Soup version 0.25-a0-1136-gc1285e62ab (webtiles) character file.

Game seed: 4475512799388754638, levelgen mode: deterministic

81 1994 the Firebug (level 4, -2/27 HPs)
             Began as an Octopode Fire Elementalist on May 23, 2020.
             Slain by a water moccasin zombie (7 damage)
             ... in an ossuary.
             The game lasted 00:11:31 (2668 turns).

1994 the Firebug (Octopode Fire Elementalist)       Turns: 2668, Time: 00:11:31

Health: -2/27      AC:  1    Str:  7    XL:     4   Next: 42%
Magic:  0/7        EV: 13    Int: 18    God:
Gold:   234        SH:  0    Dex: 12    Spells: 3/7 levels left

rFire    . . .     SeeInvis .   a - +0 dagger (pain)
rCold    . . .     Gourm    .   (no shield)
rNeg     . . .     Faith    .   (helmet restricted)
rPois    .         Spirit   .   (no amulet)
rElec    .         Reflect  .   (no ring)
rCorr    .         Harm     .   (no ring)
MR       .....                  (no ring)
Stlth    +++.......             (no ring)
HPRegen  0.09/turn              (no ring)
MPRegen  0.10/turn              (no ring)
                                (no ring)
                                (no ring)

@: no status effects
A: almost no armour, stealthy swim, amphibious, 8 rings, constrict 8, camouflage
1, gelatinous body 1
a: no special abilities


You were in an ossuary.
You were very hungry.

You visited 1 branch of the dungeon, and saw 4 of its levels.
You also visited: Ossuary.

You collected 234 gold pieces.

Inventory:

Hand Weapons
 a - a +0 dagger of pain (weapon)
 m - a +0 spear
 q - a +0 hunting sling
Missiles
 f - 3 curare-tipped darts (quivered)
 g - 98 stones
 p - 12 poisoned darts
Scrolls
 d - a scroll of remove curse
 h - 5 scrolls of identify
 i - a scroll of magic mapping {unknown}
 j - a scroll of fog
 o - a scroll of enchant armour
Potions
 c - a potion of resistance
 e - a potion of magic
 k - 2 potions of curing
 r - a potion of berserk rage
Comestibles
 b - 6 rations


   Skills:
 + Level 2.5 Dodging
 + Level 3.5 Stealth
 + Level 2.3 Spellcasting
 * Level 2.1 Conjurations
 * Level 3.7 Fire Magic


You had 3 spell levels left.
You knew the following spells:

 Your Spells              Type           Power        Failure   Level  Hunger
a - Foxfire               Conj/Fire      ##..         5%          1    #......
b - Conjure Flame         Conj/Fire      ##......     16%         3    ###....

Your spell library contained the following spells:

 Spells                   Type           Power        Failure   Level  Hunger
 Inner Flame              Hex/Fire       #.......     24%         3    ###....
 Sticky Flame             Conj/Fire      ##......     45%         4    #####..
 Fireball                 Conj/Fire      ##........   82%         5    ######.


Dungeon Overview and Level Annotations

Branches:
Dungeon (4/15)            Ossuary (1/1)
 Temple: D:4-7

Altars:
Gozag
Ru

Annotations:
D:4 1 transporter


Innate Abilities, Weirdness & Mutations

You cannot wear most types of armour.
You are very stealthy in the water. (Stealth+)
You are amphibious.
You can wear up to eight rings at the same time.
You can use your tentacles to constrict eight enemies at once.
Your skin changes colour to match your surroundings (Stealth+).
Your rubbery body absorbs attacks. (AC +1, EV +1)


Message History

You constrict the water moccasin zombie.
The foxfire hits the water moccasin zombie.
The water moccasin zombie is severely damaged.
The foxfire hits the water moccasin zombie.
The water moccasin zombie is severely damaged.
An arrow hits the kobold zombie!
The water moccasin zombie bites you.
* * * LOW HITPOINT WARNING * * *
Unknown command.
You hit the water moccasin zombie but do no damage.
The water moccasin zombie is severely damaged.
You constrict the water moccasin zombie.
The water moccasin zombie misses you.
Unknown command.
Unknown command.
Unknown command.
You hit the water moccasin zombie.
The water moccasin zombie is almost destroyed.
You constrict the water moccasin zombie.
The water moccasin zombie bites you!
You die...

#Z..# #Z..#
Z..# ..# ###'#
#.^^# ####
#####^^^#
#?!?!#...#Z.^#
+!?(?#.∩.'@..#
#!!!!#...#Z.∩#
##############


You could see a water moccasin zombie and a kobold zombie.

Vanquished Creatures
  A big kobold zombie (Ossuary)
  An adder (D:2)
  An ooze (D:1)
  An adder zombie (D:2)
  A dart slug (D:1)
  A leopard gecko (D:3)
  6 giant cockroaches
  5 goblins
  6 hobgoblins
  6 jackals (D:2)
  3 kobolds
  3 bats
  5 frilled lizards
  A hobgoblin zombie (Ossuary)
  A kobold zombie (Ossuary)
  5 rats
47 creatures vanquished.

Vanquished Creatures (others)
  118 foxfires
118 creatures vanquished.

Grand Total: 165 creatures vanquished

Notes
Turn   | Place    | Note
-------+----------+-------------------------------------------
     0 | D:1      | 1994 the Octopode Fire Elementalist began the quest for the
                  | Orb.
     0 | D:1      | Reached XP level 1. HP: 11/11 MP: 3/3
    25 | D:1      | Found an opulent altar of Gozag.
   271 | D:1      | Reached XP level 2. HP: 17/17 MP: 1/5
   988 | D:1      | Reached XP level 3. HP: 21/21 MP: 4/6
  1203 | D:2      | Learned a level 3 spell: Conjure Flame
  1728 | D:2      | Reached XP level 4. HP: 27/27 MP: 2/7
  2370 | D:4      | Found a transporter.
  2402 | D:4      | Found a sacrificial altar of Ru.
  2446 | D:4      | Found a sand-covered staircase.
  2454 | Ossuary  | Entered an ossuary
  2668 | Ossuary  | Slain by a water moccasin zombie

Illustrated notes

Levels and vault maps discovered:
D:1:      sevenhm_arrival_forest_fort_small_6, layout_loops_ring
D:2:      layout_basic, minmay_tetromino_s2
D:3:      layout_basic
D:4:      gammafunk_wand_slinger, layout_basic, nicolae_ru_sacrificial_ziggurat,
          first_ration, gammafunk_ghost_nasty_kobolds,
          nicolae_ossuary_entry_monument, kennysheep_generic_room_3,
          uniq_duvessa
Ossuary:  ossuary_tomb_2

Skill      XL: |  1  2  3 |
---------------+----------+-----
Stealth        | 3 |  3.5
Conjurations   | 2 |  2.1
Dodging        | |  2.5
Spellcasting   | |  2.3
Fire Magic     | |  3.7

Action                   |  1- 3 |  4- 6 || total
-------------------------+-------+-------++-------
Melee: Unarmed           |     1 |       ||     1
       Whip              |     6 |       ||     6
       Dagger            |    35 |     9 ||    44
       Constrict         |    10 |     3 ||    13
       Tentacles         |     5 |     1 ||     6
 Cast: Foxfire           |    52 |    17 ||    69
  Use: Scroll            |     3 |     6 ||     9
 Stab: Sleeping          |     4 |     2 ||     6
  Eat: Chunk             |     3 |     2 ||     5
Armor: Skin              |     4 |       ||     4
Dodge: Dodged            |    20 |     9 ||    29

Table legend:
 A = Non-vault XP
 B = Vault XP
 C = Vault XP percentage of total XP
 D = Non-vault monster count
 E = Vault monster count
 F = Vault count percentage of total count
                 A         B        C        D         E       F
            +---------+---------+-------+---------+---------+-------
      Total |      96 |      21 |  17.9 |      42 |       5 |  10.6
            +---------+---------+-------+---------+---------+-------
        D:1 |      40 |       0 |   0.0 |      20 |       0 |   0.0
        D:2 |      50 |       2 |   3.8 |      19 |       2 |   9.5
        D:3 |       6 |       0 |   0.0 |       3 |       0 |   0.0
    Ossuary |       0 |      19 | 100.0 |       0 |       3 | 100.0
            +---------+---------+-------+---------+---------+-------
